 Dungeon Crawl Stone Soup version 0.23.2-40-g277498a001 (webtiles) character file.

Game seed: 2157941694173915648

190 Glamhuggeren the Slasher (level 6, -3/48 HPs)
             Began as a Human Fighter on Oct 7, 2019.
             Slain by an orc priest
             ... wielding a +0 trident
              (4 damage)
             ... on level 3 of the Dungeon.
             The game lasted 00:08:29 (2591 turns).

Glamhuggeren the Slasher (Human Fighter)            Turns: 2591, Time: 00:08:29

Health: -3/48      AC:  6    Str: 18 (19) XL:     6   Next: 1%
Magic:  6/6        EV:  9    Int:  5 (8)  God:
Gold:   160        SH:  4    Dex: 10 (12) Spells: 5/5 levels left

rFire    . . .     SeeInvis .   s - +1 short sword (venom)
rCold    . . .     Gourm    .   q - +0 buckler
rNeg     . . .     Faith    .   b - +0 scale mail
rPois    .         Spirit   .   (no helmet)
rElec    .         Reflect  .   (no cloak)
rCorr    .         Harm     .   (no gloves)
MR       .....                  (no boots)
Stlth    ..........             (no amulet)
HPRegen  0.16/turn              (no ring)
MPRegen  0.10/turn              (no ring)

@: no status effects
A: no striking features
a: no special abilities


You were on level 3 of the Dungeon.
You were hungry.

You visited 1 branch of the dungeon, and saw 3 of its levels.

You collected 160 gold pieces.

Inventory:

Hand Weapons
 a - a +0 long sword
 s - a +1 short sword of venom (weapon)
Missiles
 h - 82 stones
 j - 3 javelins (quivered)
 p - 32 sling bullets
Armour
 b - a +0 scale mail (worn)
 c - a +0 shield
 q - a +0 buckler (worn)
Wands
 d - a wand of polymorph (4)
 u - a wand of iceblast (10)
 v - a wand of disintegration (10)
Scrolls
 e - 5 scrolls of teleportation {unknown}
 i - 4 scrolls of remove curse {unknown}
 k - 6 scrolls of identify {unknown}
 m - a scroll of amnesia {unknown}
 o - 3 scrolls of blinking {unknown}
Potions
 l - a potion of haste {unknown}
 n - a potion of curing {unknown}
 t - a potion of invisibility {unknown}
Comestibles
 f - 4 rations
 r - a chunk of flesh


   Skills:
 - Level 4.0 Fighting
 * Level 4.3 Long Blades
 - Level 3.0 Armour
 + Level 3.9 Shields


You had 5 spell levels left.
You didn't know any spells.
Your spell library was empty.

Dungeon Overview and Level Annotations

Branches:
Dungeon (3/15)

Altars:
Sif Muna

Annotations:
D:3 1 transporter, exclusion: orc wizard, Emblim88's ghost, amateur MiFi


Message History

Training target 4.0 for Fighting reached!
Your Fighting skill increases to level 4!
You have reached level 6!
Your experience leads to an increase in your attributes!
Increase (S)trength, (I)ntelligence, or (D)exterity?
You feel stronger.
The orc priest mumbles some strange prayers to Beogh against you.
Beogh smites you!
It was a potion of degeneration.
There was something very wrong with that liquid.
You feel weakened.
You feel dopey.
You feel clumsy. Something hits you but does no damage.
Space warps horribly around you!
* * * LOW HITPOINT WARNING * * *
Deactivating autopickup; reactivate with Ctrl-A.
The orc priest hits you but does no damage.
You miss something. Something hits you but does no damage.
Space bends around you.
* * * LOW HITPOINT WARNING * * *
The orc priest hits you from afar with a +0 trident.
You die...

..#
##################.##
#.# ### #....# #.#
#....###.# ###
#....'...#
##.####....###### ..
#..........'..... ##
. # #..####....######
.. ....#.###..#
#....# ..
......o)@..# #....#
## ......o###..#
###+## ...#<...# ##.#
####### ........#
#..####+#......
.......#
#.#......#####
..!....#####........#
#.#.o......##.......#
#.#........)..###+#.#
#............##.#.#


You could see an orc priest and an orc wizard.

Vanquished Creatures
  An orc priest (D:3)
  An orc wizard (D:3)
  Jessica (D:2)
  A worker ant (D:2)
  2 adders
  2 dart slugs (D:2)
  A worm (D:2)
  6 leopard geckos
  2 orcs (D:3)
  4 giant cockroaches
  7 goblins
  4 hobgoblins
  2 jackals (D:2)
  7 kobolds
  2 ball pythons
  5 bats
  3 frilled lizards
  3 rats
54 creatures vanquished.

Notes
Turn   | Place    | Note
-------+----------+-------------------------------------------
     0 | D:1      | Glamhuggeren the Human Fighter began the quest for the Orb.
     0 | D:1      | Reached XP level 1. HP: 18/18 MP: 1/1
   126 | D:1      | Reached XP level 2. HP: 21/24 MP: 2/2
   786 | D:2      | Noticed Jessica
   790 | D:2      | Reached XP level 3. HP: 28/29 MP: 3/3
   816 | D:2      | Killed Jessica
   820 | D:2      | Reached XP level 4. HP: 13/35 MP: 4/4
  1587 | D:2      | Reached XP level 5. HP: 34/42 MP: 5/5
  2144 | D:3      | Found a transporter.
  2146 | D:3      | Noticed Emblim88's ghost (amateur MiFi)
  2296 | D:3      | Found a deep blue altar of Sif Muna.
  2589 | D:3      | Reached XP level 6. HP: 33/48 MP: 6/6
  2591 | D:3      | HP: 1/48 [something (4)]
  2591 | D:3      | Slain by an orc priest

Skill      XL: |  1  2  3  4  5 |
---------------+----------------+-----
Long Blades    | 3 4 |  4.3
Fighting       | 4 |  4.0
Armour         | |  3.0
Shields        | |  3.9

Action                   |  1- 3 |  4- 6 || total
-------------------------+-------+-------++-------
Melee: Long sword        |    54 |    66 ||   120
       Unarmed           |     7 |       ||     7
       Short sword       |       |    44 ||    44
  Use: Potion            |     1 |     1 ||     2
  Eat: Chunk             |       |     5 ||     5
Armor: Scale mail        |    35 |    39 ||    74
       Skin              |     4 |       ||     4
Dodge: Dodged            |    46 |    37 ||    83
Block: Shield            |    36 |    23 ||    59
       Buckler           |       |     8 ||     8
       Rpst.: Long sword |     7 |     5 ||    12
